Map: 2000 Atmospheres LE

Players

Erik - Winner!

  • Race: Zerg Zerg
  • League: Master

TheZergLord

  • Race: Zerg Zerg

Event: DreamHack SC2 Masters 2021 Summer

VOD

Have the link to the VOD?

Description

Time

  • Played on: May 19, 2021, 4:20 p.m.
  • Length: 16:05

All games in this series

Show
View Real Time Build Order
Export as new Build Order

Erik Zerg - Winner!

Build Orders: Pool First, Roach Hydra 

Get SALT Encoding   

  12  0:00  Drone  
  13  0:08  Drone  
  14  0:15  Extractor  
  14  0:16  Drone  
  15  0:24  Overlord  
  15  0:37  Spawning Pool  
  15  0:42  Drone  
  15  0:44  Drone  
  15  0:47  Drone  
  17  0:51  Extractor  
  17  0:54  Drone  
  17  1:16  Hatchery  
  16  1:24  Zergling x4  
  18  1:27  Zergling x2  
  19  1:36  Queen  
  21  1:40  Zergling x2  
  22  1:51  Metabolic Boost  
  22  1:55  Overlord  
  22  2:04  Extractor  
  22  2:05  Drone  
  23  2:14  Queen  
  25  2:15  Drone  
  27  2:22  Drone  
  27  2:29  Drone  
  28  2:37  Zergling x2  
  28  2:41  Zergling x2  
  30  2:45  Zergling x8  
  30  2:50  Overlord  
  34  2:57  Drone  
  35  3:02  Drone  
  36  3:09  Overlord  
  36  3:12  Drone  
  37  3:19  Drone x4  
  40  3:24  Roach Warren, Drone  
  40  3:25  Drone  
  36  3:38  Drone x4  
  37  3:50  Overlord  
  36  4:03  Roach  
  36  4:04  Roach x5  
  36  4:08  Extractor  
  47  4:16  Overlord  
  47  4:22  Zergling x14  
  54  4:31  Zergling x2  
  55  4:33  Overlord  
  55  4:42  Overlord  
  55  4:44  Evolution Chamber  
  54  4:46  Zergling x2  
  54  4:47  Zergling x6  
  54  4:52  Extractor, Drone x3  
  60  4:54  Lair  
  60  4:56  Ravager x2  
  60  4:59  Drone x2  
  64  5:02  Extractor  
  63  5:07  Drone x2  
  63  5:14  Drone  
  63  5:19  Drone  
  61  5:27  Drone x6  
  67  5:32  Zerg Missile Weapons Level 1  
  67  5:41  Overlord  
  67  5:44  Roach  
  67  5:48  Ravager  
  67  5:49  Hatchery  
  69  5:50  Ravager  
  69  5:55  Glial Reconstitution  
  69  5:56  Overseer  
  70  6:06  Drone x2  
  70  6:08  Overlord  
  70  6:10  Pneumatized Carapace  
  72  6:12  Roach x3  
  72  6:13  Roach  
  80  6:21  Hydralisk Den  
  79  6:29  Overlord  
  79  6:37  Drone x2  
  79  6:38  Drone x2  
  83  6:41  Drone x3  
  83  6:42  Drone  
  87  6:53  Queen  
  89  6:54  Muscular Augments  
  89  7:02  Hydralisk x5  
  94  7:13  Spore Crawler  
  94  7:14  Spore Crawler  
  89  7:16  Hydralisk x3  
  92  7:25  Spore Crawler  
  92  7:27  Zerg Ground Armor Level 1  
  91  7:35  Hydralisk x2  
  95  7:38  Drone  
  95  7:39  Extractor, Drone x2  
  95  7:43  Drone  
  95  7:44  Drone  
  97  7:48  Hydralisk  
  97  7:50  Overlord x3  
  98  8:05  Overlord, Spore Crawler  
  97  8:06  Grooved Spines  
  97  8:07  Hydralisk  
  97  8:08  Hydralisk x3  
  105  8:19  Roach  
  109  8:20  Roach x4  
  115  8:35  Hydralisk x3, Infestation Pit  
  118  8:44  Drone x3  
  118  8:45  Drone x3  
  124  8:48  Extractor  
  124  8:50  Hydralisk  
  125  9:12  Drone x3  
  125  9:13  Drone  
  125  9:14  Pathogen Glands  
  112  9:24  Overlord  
  112  9:25  Hydralisk x6  
  106  9:36  Hydralisk x3  
  106  9:52  Infestor x3  
  95  10:04  Hydralisk x2  
  88  10:13  Hydralisk x2  
  90  10:17  Hatchery  
  90  10:21  Roach x6  
  103  10:30  Roach x4  
  103  10:31  Roach  
  103  10:33  Roach  
  105  10:47  Hydralisk x5  
  111  10:53  Hydralisk x2  
  107  11:01  Hydralisk x3  
  100  11:16  Infestor x2  
  100  11:18  Hydralisk x4  
  102  11:33  Hydralisk x5  
  102  11:39  Hydralisk  
  110  11:40  Hydralisk  
  110  11:47  Hydralisk x2  
  104  11:49  Hydralisk  
  106  11:55  Spore Crawler  
  106  11:58  Hydralisk x3  
  111  12:05  Spore Crawler  
  111  12:06  Hydralisk  
  111  12:07  Hydralisk  
  115  12:22  Queen  
  115  12:23  Roach x7  
  115  12:28  Overlord  
  115  12:29  Overlord  
  120  12:52  Hydralisk x7  
  134  13:02  Infestor  
  134  13:19  Drone x3  
  121  13:20  Drone x5  
  121  13:22  Infestor  
  127  13:27  Infestor  
  129  13:42  Hydralisk  
  129  13:43  Hydralisk x2  
  105  14:02  Spore Crawler  
  104  14:03  Hydralisk x3  
  68  14:33  Hydralisk x5  
  66  14:44  Drone  
  61  14:49  Drone x4  
  65  15:03  Roach x3  
  71  15:18  Roach x3  
  77  15:32  Roach  
  77  15:33  Roach x4  
  87  15:40  Roach x2  
Show
View Real Time Build Order
Export as new Build Order

TheZergLord Zerg 

Build Orders: Hatch First, Muta Ling Bane 

Get SALT Encoding   

  12  0:00  Drone  
  13  0:12  Overlord  
  13  0:16  Drone  
  14  0:30  Drone x2  
  16  0:48  Hatchery  
  15  0:50  Drone  
  15  0:55  Drone  
  17  0:58  Drone  
  18  1:08  Extractor  
  17  1:12  Spawning Pool  
  17  1:16  Drone  
  17  1:19  Drone  
  18  1:28  Drone  
  19  1:39  Overlord  
  19  1:59  Queen  
  19  2:00  Zergling x4, Queen  
  19  2:01  Zergling x2  
  26  2:11  Zergling x2  
  26  2:13  Drone  
  28  2:29  Drone  
  30  2:30  Drone  
  30  2:36  Drone x2  
  31  2:40  Queen  
  31  2:44  Overlord  
  33  2:46  Drone  
  34  2:55  Drone x2  
  36  3:10  Roach Warren  
  34  3:14  Evolution Chamber x2  
  34  3:17  Drone x2  
  34  3:20  Drone x2  
  36  3:32  Drone x5  
  36  3:33  Drone  
  39  3:46  Drone x4  
  43  3:53  Evolution Chamber  
  43  3:55  Lair  
  42  3:56  Drone x2  
  42  4:01  Extractor x2, Overlord  
  42  4:05  Drone x2  
  44  4:10  Overlord  
  44  4:17  Overlord  
  44  4:19  Hatchery  
  43  4:24  Drone  
  43  4:25  Drone  
  43  4:29  Roach  
  43  4:30  Roach  
  49  4:33  Roach  
  53  4:38  Roach x2  
  53  4:41  Roach  
  57  4:46  Roach x2  
  61  4:54  Evolution Chamber  
  61  4:56  Roach  
  63  5:01  Roach x2  
  63  5:03  Overlord  
  67  5:20  Extractor  
  67  5:21  Spire  
  65  5:25  Roach Warren  
  65  5:27  Metabolic Boost  
  64  5:29  Drone x3  
  64  5:30  Drone  
  64  5:31  Drone x3  
  64  5:32  Drone  
  64  5:34  Drone  
  73  5:37  Hatchery  
  73  5:42  Zerg Melee Weapons Level 1  
  72  5:45  Overlord  
  72  5:46  Overlord  
  72  5:54  Drone  
  73  6:06  Hatchery, Overlord  
  73  6:11  Overlord  
  72  6:12  Zergling x8  
  72  6:13  Zergling x4  
  72  6:16  Overlord  
  78  6:32  Mutalisk x4  
  78  6:33  Mutalisk x2  
  78  6:36  Mutalisk  
  78  6:37  Mutalisk  
  94  6:43  Zergling x2  
  94  6:44  Zergling x2  
  96  6:49  Zerg Flyer Weapons Level 1  
  96  6:50  Zergling x4  
  95  7:15  Mutalisk x3  
  94  7:26  Mutalisk  
  94  7:28  Drone x5  
  94  7:29  Drone x4  
  105  7:41  Extractor  
  105  7:44  Extractor, Hatchery  
  103  7:48  Mutalisk  
  104  7:54  Drone  
  104  7:55  Overlord x3  
  104  7:56  Baneling Nest  
  104  8:02  Overlord x2  
  104  8:08  Overlord  
  104  8:14  Mutalisk x2  
  104  8:17  Zergling x6  
  104  8:18  Zergling x8  
  115  8:24  Zerg Melee Weapons Level 2  
  115  8:28  Mutalisk x3  
  115  8:34  Zergling x8  
  125  8:44  Centrifical Hooks  
  125  8:47  Baneling x4  
  125  8:48  Baneling x2  
  125  8:51  Baneling x2  
  125  8:53  Zergling x8  
  125  8:54  Zergling x2  
  130  9:02  Zergling x10  
  135  9:06  Baneling  
  135  9:09  Zergling x8  
  138  9:23  Mutalisk x2  
  138  9:24  Mutalisk x3  
  125  9:28  Baneling x2  
  121  9:31  Zergling x6  
  119  9:51  Drone x3  
  111  9:55  Drone x4  
  111  9:56  Drone x2  
  104  10:00  Mutalisk x4  
  109  10:08  Drone  
  109  10:09  Drone x2  
  109  10:12  Zergling x4  
  114  10:21  Baneling  
  114  10:22  Mutalisk x2  
  114  10:27  Mutalisk x2  
  122  10:33  Zerg Flyer Weapons Level 2  
  109  10:47  Mutalisk x2  
  109  10:52  Zergling x16  
  109  10:53  Zergling x2  
  104  10:59  Mutalisk x2  
  104  11:03  Mutalisk  
  104  11:12  Drone x7  
  100  11:33  Mutalisk x5  
  110  11:41  Mutalisk  
  110  11:44  Zergling x16  
  120  11:49  Zergling x6  
  120  11:51  Queen  
  125  11:57  Mutalisk x2  
  125  11:58  Mutalisk  
  131  12:12  Zergling x12  
  137  12:18  Baneling  
  137  12:20  Baneling x2  
  137  12:21  Baneling x8  
  128  12:42  Baneling x12  
  128  12:44  Zergling x26  
  135  12:52  Queen  
  135  12:54  Drone x3  
  135  12:55  Extractor x2  
  138  13:01  Zergling x12  
  138  13:05  Hatchery  
  141  13:18  Zergling x14  
  141  13:19  Zergling x4  
  140  13:28  Drone x4  
  141  13:36  Mutalisk x5  
  129  13:50  Baneling x9  
  129  13:51  Baneling  
  118  13:57  Mutalisk x3  
  120  14:03  Zergling x2  
  99  14:31  Spawning Pool, Spire  
  70  14:33  Drone x2  
  43  15:05  Drone  
  42  15:19  Zergling x2  
  42  15:20  Zergling x24  
  55  15:26  Evolution Chamber  
  54  15:33  Zergling x8  
Tags
 
Add a new tag
Caveats
  • Supply blocks, unpowered buildings, or Contaminate may cause inaccurate times.
  • Supply counts are checked every 10 seconds.